 Dungeon Crawl Stone Soup version 0.21.1-1-g345015f (console) character file.

110 bli the Cudgeler (level 4, -1/36 HPs)
             Began as a Demonspawn Monk on Apr 14, 2018.
             Slain by an ice beast (14 damage)
             ... on level 3 of the Dungeon.
             The game lasted 00:10:40 (1825 turns).

bli the Cudgeler (Demonspawn Monk)                  Turns: 1825, Time: 00:10:41

Health: -1/36      AC:  9    Str: 12    XL:     4   Next: 61%
Magic:  4/4        EV: 13    Int: 12    God:
Gold:   125        SH:  0    Dex: 15    Spells: 3/3 levels left

rFire    . . .     SeeInvis +   a - +0 mace
rCold    . . .     Gourm    .   (no shield)
rNeg     . . .     Faith    .   v - +0 leather armour
rPois    .         Spirit   .   (no helmet)
rElec    .         Reflect  .   w - +0 cloak
rCorr    .         Harm     .   (no gloves)
MR       .....                  (no boots)
Stlth    ++........             (no amulet)
HPRegen  0.12/turn              k - +5 ring of protection
MPRegen  0.09/turn              o - ring of see invisible

@: no status effects
A: claws 1, powered by death 1, sturdy frame 1
a: no special abilities


You were on level 3 of the Dungeon.
You were not hungry.

You visited 1 branch of the dungeon, and saw 3 of its levels.

You collected 125 gold pieces.

Inventory:

Hand Weapons
 a - a +0 mace (weapon)
Missiles
 i - 62 stones (quivered)
 u - 5 javelins
Armour
 b - a +0 robe
 s - a +0 ring mail
 v - a +0 leather armour (worn)
 w - a +0 cloak (worn)
Jewellery
 k - a +5 ring of protection (left claw)
 o - a ring of see invisible (right claw)
 x - an uncursed ring of wizardry {unknown}
Scrolls
 e - 2 scrolls of teleportation {unknown}
 f - a scroll of fear {unknown}
 g - a scroll of enchant weapon {unknown}
 h - a scroll of random uselessness {unknown}
 p - a scroll of amnesia {unknown}
 q - 3 scrolls of identify {unknown}
 t - a scroll of magic mapping {unknown}
 y - a scroll of enchant armour {unknown}
Potions
 j - a potion of curing {unknown}
 l - a potion of flight {unknown}
 m - 3 potions of agility {unknown}
 n - a potion of degeneration {unknown}
 r - a potion of mutation {unknown}
Comestibles
 c - 4 rations
 d - 12 chunks of flesh


   Skills:
 * Level 3.6 Fighting
 + Level 3.8 Maces & Flails
 + Level 3.2 Dodging
 + Level 2.4 Stealth


You had 3 spell levels left.
You didn't know any spells.

Dungeon Overview and Level Annotations

Branches:
Dungeon (3/15)

Altars:


Innate Abilities, Weirdness & Mutations

You have sharp fingernails.
You regenerate a little health from kills.
Your movements are slightly less encumbered by armour. (ER -2)


Message History

You closely miss the ice beast.
The ice beast is lightly wounded.
The ice beast closely misses you.
The ice beast hits you but does no damage.
You hit the ice beast but do no damage.
The ice beast is lightly wounded.
The ice beast barely misses you.
You hit the ice beast.
The ice beast is lightly wounded.
The ice beast closely misses you.
You closely miss the ice beast.
The ice beast is lightly wounded.
The ice beast hits you. The ice beast freezes you!
You barely miss the ice beast.
The ice beast is lightly wounded.
The ice beast hits you but does no damage.
You closely miss the ice beast.
The ice beast is lightly wounded.
The ice beast hits you. The ice beast freezes you!
You die...

#.###.# #.# #.#
#)###.# #.÷...#
####÷####
#....)..###
####...÷.....#
#....##....#...#
###......#...#..
#....##.....## #
#.##@......##
... #Y###.#.###.
... #.r.........
.. ####.######
#.# #.....#
#.....# #.....#
#.[...# #.....#
#######


You could see an ice beast and a rat.

Vanquished Creatures
  2 adders (D:2)
  2 oozes
  5 worms
  A dart slug (D:2)
  A leopard gecko (D:1)
  7 bats
  4 giant cockroaches (D:2)
  9 goblins
  5 hobgoblins
  4 jackals
  10 kobolds
  2 quokkas (D:3)
  2 ball pythons
  4 frilled lizards
  7 rats
65 creatures vanquished.

Notes
Turn   | Place    | Note
-------+----------+-------------------------------------------
     0 | D:1      | bli the Demonspawn Monk began the quest for the Orb.
     0 | D:1      | Reached XP level 1. HP: 18/18 MP: 1/1
   210 | D:1      | Gained mutation: Your movements are slightly less encumbered by armour. (ER -2) [demonic ancestry]
   210 | D:1      | Reached XP level 2. HP: 24/24 MP: 2/2
   724 | D:1      | Gained mutation: You regenerate a little health from kills. [demonic ancestry]
   724 | D:1      | Reached XP level 3. HP: 29/29 MP: 3/3
  1101 | D:2      | Gained mutation: You have sharp fingernails. [demonic ancestry]
  1101 | D:2      | Reached XP level 4. HP: 34/35 MP: 4/4
  1808 | D:3      | Noticed an ice beast
  1825 | D:3      | Slain by an ice beast

Skill      XL: |  1  2 |
---------------+-------+-----
Maces & Flails | 3 |  3.8
Dodging        | 3 |  3.2
Stealth        | 2 |  2.4
Fighting       | |  3.6

Action                   |  1- 3 |  4- 6 || total
-------------------------+-------+-------++-------
Melee: Mace              |   117 |   103 ||   220
 Stab: Sleeping          |     5 |     4 ||     9
  Eat: Chunk             |     1 |     2 ||     3
Armor: Robe              |    23 |    10 ||    33
       Leather armour    |       |    20 ||    20
Dodge: Dodged            |    76 |    78 ||   154
